 Dungeon Crawl Stone Soup version 0.21.1-1-g345015fe64 (webtiles) character file.

5559 Mrkan the Harbinger of Death (level 10, -6/91 HPs)
             Began as a Troll Monk on May 9, 2018.
             Was a High Priest of Yredelemnul.
             Mangled by a troll (11 damage)
             ... on level 9 of the Dungeon.
             The game lasted 00:23:08 (7231 turns).

Mrkan the Harbinger of Death (Troll Monk)           Turns: 7231, Time: 00:23:09

Health: -6/91      AC: 11    Str: 21    XL:     10   Next: 44%
Magic:  17/17      EV: 11    Int:  6    God:    Yredelemnul [*****.]
Gold:   455        SH:  0    Dex: 15    Spells: 9/9 levels left

rFire    . . .     SeeInvis .     - Unarmed
rCold    + . .     Gourm    +   (no shield)
rNeg     . . .     Faith    .   a - +0 robe
rPois    .         Spirit   .   (helmet restricted)
rElec    .         Reflect  .   C - +0 cloak
rCorr    .         Harm     .   (gloves unavailable)
MR       .....                  (boots unavailable)
Stlth    ++........             (no amulet)
HPRegen  0.65/turn              i - +5 ring of protection
MPRegen  0.15/turn              g - ring of protection from cold

@: no status effects
A: large, unfitting armour, claws 3, fast metabolism 3, gourmand, regeneration
1, shaggy fur 1, tough skin 2
a: Recall Undead Slaves, Injury Mirror, Animate Dead, Drain Life, Enslave Soul,
Renounce Religion


You were on level 9 of the Dungeon.
You worshipped Yredelemnul.
Yredelemnul was extremely pleased with you.
You were very full.

You visited 1 branch of the dungeon, and saw 9 of its levels.
You also visited: Ossuary.

You collected 455 gold pieces.

Inventory:

Armour
 a - a +0 robe (worn)
 C - a +0 cloak (worn)
Jewellery
 g - a ring of protection from cold (right claw)
 i - a +5 ring of protection (left claw)
Wands
 f - a wand of iceblast (13)
 y - a wand of clouds (5)
Scrolls
 h - 6 scrolls of identify
 j - 2 scrolls of teleportation
 l - 2 scrolls of remove curse
 o - a scroll of enchant armour {unknown}
 q - a scroll of magic mapping
 u - a scroll of summoning {unknown}
 w - a scroll of fog {unknown}
 z - a scroll of acquirement {unknown}
Potions
 c - 2 potions of curing
 d - 4 potions of invisibility
 e - 2 potions of degeneration
 k - a potion of flight {unknown}
 m - a potion of magic {unknown}
 n - 2 potions of might
 p - a potion of agility {unknown}
 r - a potion of lignification {unknown}
 s - 2 potions of mutation
 t - 5 potions of ambrosia
 v - a potion of brilliance {unknown}
 x - a potion of heal wounds {unknown}
Books
 A - a book of Necromancy

   Spells                             Type                      Level
   a - Pain                           Necromancy                   1
   b - Animate Skeleton               Necromancy                   1
   c - Vampiric Draining              Necromancy                   3
   d - Regeneration                   Charms/Necromancy            3
   e - Animate Dead                   Necromancy                   4
   f - Borgnjor's Vile Clutch         Necromancy/Earth             5
Comestibles
 b - 23 rations


   Skills:
 * Level 3.1 Fighting
 - Level 2.4 Dodging
 - Level 1.0 Stealth
 + Level 10.0 Unarmed Combat
 - Level 11.1 Invocations


You had 9 spell levels left.
You didn't know any spells.

Dungeon Overview and Level Annotations

Branches:
Dungeon (9/15)             Temple (0/1) D:4
   Lair: D:8-11         Orc: D:9-12

Altars:
Cheibriados
Dithmenos
Hepliaklqana
Ru
Vehumet
Xom
Yredelemnul
Zin

Shops:
D:4 !


Innate Abilities, Weirdness & Mutations

You are too large for most types of armour.
You have claws for hands.
Your metabolism is lightning-fast.
You like to eat raw meat.
Your natural rate of healing is unusually fast.
You are covered in fur. (AC +1)
You have very tough skin. (AC +2)


Message History

You claw the orc warrior!
The orc warrior is heavily wounded.
The orc warrior closely misses you. The troll bites your wraith!
Your wraith is destroyed!
You closely miss the orc warrior. You claw the orc warrior!
The orc warrior is almost dead.
You claw the orc warrior!
You kill the orc warrior!
Yredelemnul accepts your kill.
Your Unarmed Combat skill increases to level 10!
The troll bites you. The troll claws you but does no damage.
The troll barely misses you. The troll bites you.
The troll claws you but does no damage. x2
The troll bites you!
* * * LOW HITPOINT WARNING * * *
The troll closely misses you. The troll claws you!
* * * LOW HITPOINT WARNING * * *
The troll bites you but does no damage. The troll claws you!
You die...
Your body rises from the dead as a mindless zombie.

#...#####....#
#...#...#..### #...#...#..#
#...#.†.#..# ###)..#...#..#
#...).#...#..#
####.....#..>#..#
#......<.#...#..#
#..T@....'...T..#
#........#......#####
##..).....#.._........
...........................
........(...†........#####
...#########).....)### ##
#.......# #.......#
#########


You could see a troll.

Vanquished Creatures
  A two-headed ogre (D:8)
  A hornet (D:8)
  Grinder (D:6)
  The ghost of Saeniel the Shooter, an amateur CeHu (D:3)
  2 orc warriors
  3 bullfrogs
  2 big kobolds
  An elf zombie (Ossuary)
  4 scorpions
  A troll zombie (Ossuary)
  2 howler monkeys (D:8)
  A bullfrog zombie (D:8)
  2 crimson imps
  2 centaur zombies (Ossuary)
  4 orc priests
  4 hounds
  A human zombie (Ossuary)
  A jelly (D:7)
  3 iguanas
  4 worker ants
  5 orc wizards
  2 ogre zombies (Ossuary)
  A hound zombie (D:8)
  A hound skeleton (D:8)
  8 mummies
  8 adders
  7 gnolls
  An adder zombie (Ossuary)
  4 worms
  2 dart slugs
  5 leopard geckos
  25 orcs
  A ball python (D:3)
  10 giant cockroaches
  7 hobgoblins
  7 jackals
  8 kobolds
  3 quokkas
  12 bats
  5 frilled lizards
  A gnoll zombie (Ossuary)
  12 goblins
  4 goblin zombies (Ossuary)
  9 hobgoblin zombies
  6 kobold zombies
  2 quokka skeletons
  3 quokka zombies (Ossuary)
  8 rats
  A rat zombie (Ossuary)
  A fungus (D:4)
210 creatures vanquished.

Vanquished Creatures (collateral kills)
  A hydra (D:8)
  A two-headed ogre (D:7)
  Prince Ribbit (D:7)
  2 dream sheep (D:8)
  A flying skull (D:7)
  2 yaks (D:8)
  Grum (D:8)
  2 steam dragons (D:7)
  An orc warrior (D:6)
  2 black bears
  A necrophage (D:8)
  5 ogres
  2 wolves (D:8)
  3 centaurs
  3 big kobolds (D:8)
  3 bullfrogs
  A bullfrog zombie (D:7)
  2 jellies
  An orc wizard (D:7)
  2 iguanas
  4 worker ants
  A hound skeleton (D:7)
  An ooze (D:7)
  An adder zombie (D:8)
  A leopard gecko (D:6)
  7 orcs
  A quokka (D:9)
  4 kobolds
  A plant (D:8)
58 creatures vanquished.

Vanquished Creatures (others)
  3 flying skulls (D:8)
  2 wraiths
  A wight (D:8)
  An orc wizard (D:6)
  2 mummies
9 creatures vanquished.

Grand Total: 277 creatures vanquished

Notes
Turn   | Place    | Note
-------+----------+-------------------------------------------
     0 | D:1      | Mrkan the Troll Monk began the quest for the Orb.
     0 | D:1      | Reached XP level 1. HP: 22/22 MP: 0/0
   168 | D:1      | Reached XP level 2. HP: 24/29 MP: 1/1
   529 | D:1      | Reached XP level 3. HP: 36/36 MP: 2/2
   706 | D:2      | Found a basalt altar of Yredelemnul.
   769 | D:2      | Became a worshipper of Yredelemnul the Dark
   769 | D:2      | Reached * piety under Yredelemnul
   769 | D:2      | Reached ** piety under Yredelemnul
  1034 | D:2      | Reached skill level 5 in Unarmed Combat
  1034 | D:2      | Reached XP level 4. HP: 44/44 MP: 3/3
  1208 | D:2      | Found a sacrificial altar of Ru.
  1538 | D:3      | Reached XP level 5. HP: 43/50 MP: 4/4
  1615 | D:3      | Reached *** piety under Yredelemnul
  1663 | D:3      | Found a snail-covered altar of Cheibriados.
  1835 | D:3      | Noticed Saeniel's ghost (amateur CeHu)
  1947 | D:3      | Killed Saeniel's ghost
  1947 | D:3      | Reached XP level 6. HP: 38/59 MP: 5/5
  2087 | D:3      | Found a shimmering altar of Xom.
  2089 | D:3      | Found a hazy altar of Hepliaklqana.
  2089 | D:3      | Noticed a hungry ghost
  2090 | D:3      | Noticed a spectral ugly thing
  2090 | D:3      | Noticed a hungry ghost
  2408 | D:4      | Found Myossyar's Distillery.
  2565 | D:4      | Received a gift from Yredelemnul (a mummy)
  2611 | D:4      | Reached XP level 7. HP: 64/66 MP: 6/6
  2899 | D:4      | Found a staircase to the Ecumenical Temple.
  3231 | D:5      | Entered Level 5 of the Dungeon
  3372 | D:5      | Found a glowing silver altar of Zin.
  3372 | D:5      | Found a sacrificial altar of Ru.
  3373 | D:5      | Found a radiant altar of Vehumet.
  3653 | D:5      | Reached **** piety under Yredelemnul
  4132 | D:6      | Received a gift from Yredelemnul (4 flying skulls)
  4170 | D:6      | Reached XP level 8. HP: 68/74 MP: 7/7
  4194 | D:6      | Reached skill level 1 in Invocations
  4294 | D:6      | Reached skill level 2 in Invocations
  4355 | D:6      | Reached skill level 3 in Invocations
  4466 | D:6      | Reached skill level 4 in Invocations
  4593 | D:6      | Noticed Grinder
  4598 | D:6      | Killed Grinder
  4598 | D:6      | Reached skill level 5 in Invocations
  4981 | D:7      | Noticed Prince Ribbit
  4987 | D:7      | Killed Prince Ribbit
  4987 | D:7      | Reached skill level 6 in Invocations
  5017 | D:7      | Killed a flying skull
  5024 | D:7      | Reached XP level 9. HP: 42/80 MP: 12/12
  5323 | D:7      | Reached skill level 7 in Invocations
  5460 | D:7      | Noticed a two-headed ogre
  5469 | D:7      | Killed a two-headed ogre
  5469 | D:7      | Reached skill level 8 in Invocations
  5626 | D:8      | Received a gift from Yredelemnul (a mummy)
  5694 | D:8      | Found a sand-covered staircase.
  5731 | Ossuary  | Entered an ossuary
  6041 | Ossuary  | Reached skill level 9 in Invocations
  6103 | Ossuary  | Reached ***** piety under Yredelemnul
  6352 | D:8      | Received a gift from Yredelemnul (a wraith)
  6434 | D:8      | Noticed Grum
  6440 | D:8      | Received a gift from Yredelemnul (a wight)
  6456 | D:8      | Killed Grum
  6636 | D:8      | Reached skill level 10 in Invocations
  6644 | D:8      | Reached XP level 10. HP: 57/88 MP: 16/16
  6700 | D:8      | Noticed a three-headed hydra
  6710 | D:8      | Killed a three-headed hydra
  6864 | D:8      | Noticed a two-headed ogre
  6881 | D:8      | Killed a two-headed ogre
  6884 | D:8      | Reached skill level 11 in Invocations
  7086 | D:9      | Found a shadowy altar of Dithmenos.
  7198 | D:9      | Received a gift from Yredelemnul (a wraith)
  7225 | D:9      | Reached skill level 10 in Unarmed Combat
  7231 | D:9      | Mangled by a troll

Skill      XL: |  1  2  3  4  5  6  7  8  9 10 |
---------------+-------------------------------+-----
Unarmed Combat | 4 5 7 8 9 10 | 10.0
Invocations    | 6 10 11 | 11.1
Fighting       | 3 |  3.1
Dodging        | |  2.4
Stealth        | |  1.0

Action                   |  1- 3 |  4- 6 |  7- 9 | 10-12 || total
-------------------------+-------+-------+-------+-------++-------
Melee: Unarmed           |   105 |   155 |   265 |    50 ||   575
       Punch             |     1 |     3 |     8 |     5 ||    17
Invok: Recall Undead Sla |       |       |       |     3 ||     3
  Use: Scroll            |       |     3 |    10 |     2 ||    15
       Potion            |       |       |     3 |     2 ||     5
 Stab: Sleeping          |     2 |     4 |     8 |       ||    14
       Held in net/web   |       |     1 |       |       ||     1
  Eat: Chunk             |    15 |    14 |    34 |     8 ||    71
Armor: Robe              |    47 |    91 |   123 |    30 ||   291
Dodge: Dodged            |    62 |    73 |   145 |    51 ||   331
